 Dungeon Crawl Stone Soup version 0.21-a0-426-g98080a9 (webtiles) character file.

8887 theanonym the Cleaver (level 11, -7/87 HPs)
             Began as a Mummy Fighter on Nov 5, 2017.
             Was an Initiate of Gozag.
             Mangled by a komodo dragon (13 damage)
             ... on level 1 of the Lair of Beasts.
             The game lasted 00:40:01 (12519 turns).

theanonym the Cleaver (Mummy Fighter)              Turns: 12519, Time: 00:40:02

Health: -7/87      AC: 16    Str: 28    XL:     11   Next: 15%
Magic:  11/11      EV: 18    Int: 12    God:    Gozag
Gold:   993        SH: 13    Dex: 17    Spells: 10/10 levels left

rFire    + . .     SeeInvis +   a - +1 war axe
rCold    + + .     Gourm    .   c - +1 shield
rNeg     + + +     Faith    .   z - +1 chain mail {rF+}
rPois    ∞         Spirit   .   e - +2 helmet
rElec    .         Reflect  .   j - scarf {rC+ rF+}
rCorr    .         Harm     .   w - +0 pair of gloves
MR       +....                  (no boots)
Stlth    ..........             t - amulet of regeneration
HPRegen  0.64/turn              b - ring of see invisible
MPRegen  0.12/turn              s - +6 ring of evasion

@: mighty, brilliant, agile
A: no food or potions, fire vulnerability, cold resistance 1, negative energy
resistance 3, torment resistance, unbreathing
a: Potion Petition, Call Merchant, Bribe Branch, Renounce Religion


You were on level 1 of the Lair of Beasts.
You worshipped Gozag.
Gozag was pleased with you.
You were not hungry.

You visited 4 branches of the dungeon, and saw 14 of its levels.
You also visited: Ossuary.

You collected 2188 gold pieces.
You paid 1195 gold pieces to Gozag.

Inventory:

Hand Weapons
 a - a +1 war axe (weapon)
Missiles
 p - 7 tomahawks (quivered)
Armour
 c - a +1 shield (worn)
 e - a +2 helmet (worn)
   (You took it off Robin on level 4 of the Dungeon)
 g - a +0 plate armour
   (You found it on level 2 of the Dungeon)
 j - a scarf of resistance (worn)
   (You found it on level 3 of the Dungeon)
 w - a +0 pair of gloves (worn)
   (You found it on level 9 of the Dungeon)
 z - a +1 chain mail of fire resistance (worn)
   (You took it off an orc on level 9 of the Dungeon)
Jewellery
 b - a ring of see invisible (left hand)
   (You found it on level 5 of the Dungeon)
 s - a +6 ring of evasion (right hand)
   (You found it on level 1 of the Lair of Beasts)
 t - an amulet of regeneration (around neck)
   (You found it on level 8 of the Dungeon)
Wands
 i - a wand of iceblast (2/15)
   (You found it on level 3 of the Dungeon)
 q - a wand of disintegration (0/24)
   (You found it on level 6 of the Dungeon)
 v - a wand of digging (16/24)
   (You found it on level 8 of the Dungeon)
 y - a wand of enslavement (8/24)
   (You found it on level 9 of the Dungeon)
 A - a wand of polymorph (10/24)
   (You found it on level 1 of the Lair of Beasts)
Scrolls
 d - 4 scrolls of remove curse
 k - a scroll of enchant armour
 l - a scroll of magic mapping {!r}
 m - 5 scrolls of teleportation {!r}
 n - 3 scrolls of enchant weapon
 o - 2 scrolls of fear {!r}
 r - a scroll of identify
 x - a scroll of immolation
Books
 f - a book of Maledictions
   (You found it on level 1 of the Lair of Beasts)

   Spells                             Type                      Level
   a - Corona                         Hexes                        1
   b - Ensorcelled Hibernation        Hexes/Ice                    2
   c - Confuse                        Hexes                        3
   d - Tukima's Dance                 Hexes                        3
   e - Dazzling Spray                 Conjuration/Hexes            3


   Skills:
 + Level 8.5 Fighting
 * Level 9.4 Axes
 + Level 7.0 Armour
 + Level 7.0 Shields


You had 10 spell levels left.
You didn't know any spells.

Dungeon Overview and Level Annotations

Branches:
Dungeon (10/15)            Temple (1/1) D:6            Lair (2/6) D:10
    Orc (1/2) D:9
  Swamp: Lair:2-4    Shoals: Lair:2-4     Snake: Lair:2-4    Spider: Lair:2-4

Altars:
Ashenzari
Dithmenos
Elyvilon
Fedhas
Gozag
Hepliaklqana
Makhleb
Nemelex Xobeh
Okawaru
Qazlal
Ru
Sif Muna
Trog
Vehumet
Yredelemnul
Zin
The Shining One

Shops:
D:8 %

Annotations:
D:3 1 runed door
D:6 1 exclusion
D:8 Autsider's ghost, novice DECj


Innate Abilities, Weirdness & Mutations

You do not eat or drink.
Your flesh is vulnerable to fire.
You are immune to poison.
Your flesh is cold resistant. (rC+)
You are immune to negative energy. (rN+++)
You are immune to unholy pain and torment.
You can survive without breathing.


Message History

There is a stone staircase leading up here.
You take 8 damage, and have 79/87 hp.
You block the blink frog's attack.
The blink frog hits you but does no damage.
The komodo dragon bites you but does no damage.
You climb upwards.
There is a stone staircase leading down, spattered with blood here.
The blink frog closely misses you. You block the blink frog's attack.
The blink frog hits you!
You take 7 damage, and have 73/87 hp.
The blink frog blinks!
The blink frog hits you but does no damage.
You closely miss the blink frog. You hit the blink frog.
The blink frog closely misses you.
The blink frog blinks!
The blink frog blinks!
The komodo dragon bites you but does no damage.
You block the blink frog's attack. The blink frog hits you.
You take 2 damage, and have 75/87 hp.
You hit the blink frog. You hit the plant but do no damage.
You block the blink frog's attack.
You slash the blink frog! You hit the plant. The blink frog barely misses you.
The blink frog misses you.
You miss the blink frog. You completely miss the plant.
The blink frog misses you.
You closely miss the blink frog. You hit the plant but do no damage.
You block the blink frog's attack.
The blink frog blinks!
The blink frog closely misses you.
You closely miss the blink frog. You slash the plant!
The blink frog hits you but does no damage.
You block the blink frog's attack.
Okay, then.
Unknown command.
You slash the blink frog! You hit the plant but do no damage.
The blink frog blinks! x2
You slash the komodo dragon! You hit the plant. The komodo dragon bites you!
You take 14 damage, and have 66/87 hp.
You slash the komodo dragon! You hit the plant but do no damage.
The komodo dragon bites you!
You take 10 damage, and have 56/87 hp.
You are too injured to fight recklessly!
You are too injured to fight recklessly!
You are too injured to fight recklessly!
You hit the komodo dragon but do no damage.
You hit the plant but do no damage. You block the komodo dragon's attack.
Your shield and chain mail prevent you from hitting the komodo dragon.
You slash the plant! The komodo dragon bites you!
* * * LOW HITPOINT WARNING * * *
You take 14 damage, and have 43/87 hp.
You barely miss the komodo dragon. You hit the plant but do no damage.
The blink frog blinks!
The komodo dragon bites you.
* * * LOW HITPOINT WARNING * * *
The blink frog blinks!
You take 5 damage, and have 38/87 hp.
You slash the komodo dragon! You hit the plant. The komodo dragon bites you!
* * * LOW HITPOINT WARNING * * *
You take 10 damage, and have 28/87 hp.
Aim: a komodo dragon (severely wounded, chance to defeat MR: 28%)
The komodo dragon easily resists.
This wand has 8 charges left.
The komodo dragon misses you.
The blink frog blinks!
You closely miss the komodo dragon. You slash the plant!
You block the komodo dragon's attack.
You hit the komodo dragon but do no damage.
You hit the plant.
The blink frog blinks!
The komodo dragon bites you but does no damage.
You block the komodo dragon's attack.
You hit the komodo dragon but do no damage.
You hit the plant.
Something hits the fungus.
The komodo dragon closely misses you.
You closely miss the komodo dragon. You hit the plant but do no damage.
You block the komodo dragon's attack.
You closely miss the komodo dragon. You hit the plant.
The blink frog blinks!
The komodo dragon bites you!
* * * LOW HITPOINT WARNING * * *
The blink frog blinks!
You take 6 damage, and have 25/87 hp.
You slash the komodo dragon! You slash the plant!
You destroy the plant!
The komodo dragon bites you but does no damage.
Your shield and chain mail prevent you from hitting the komodo dragon.
You block the komodo dragon's attack.
You hit the komodo dragon. The komodo dragon closely misses you.
Your chain mail prevents you from hitting the komodo dragon.
The komodo dragon hisses menacingly.
The komodo dragon bites you!!
* * * LOW HITPOINT WARNING * * *
You take 17 damage, and have 10/87 hp. [a] - 294 gold - haste and agility [b] - 522 gold - haste, agility and brilliance [c] - 312 gold - might, agility and brilliance Purchase which effect?
You feel very mighty all of a sudden.
You feel agile all of a sudden.
You feel clever all of a sudden. The komodo dragon bites you.
* * * LOW HITPOINT WARNING * * *
You take 5 damage, and have 5/87 hp.
Your shield and chain mail prevent you from hitting the komodo dragon.
The komodo dragon bites you!
You die...
Your body crumbles into a pile of gold.

.................................
#................................
#................................
#................................
#..............#P#.+.#.###.......
...............####.#### #...####
#...###+..P....####.# #...###P
#..#......#....##.#'### #....#..
#.........#...Fl@.'...## #...#...
#.........#....####...P# #...##..
#..#......#....## ###### #...##..
#.........#...F.# #...##..
#..#+..#.#.....###### #...###'
#........>.....###..######....##.
#................................
#................................
#................................


You could see a komodo dragon and a blink frog.

Vanquished Creatures
  2 two-headed ogres
  A black mamba (Lair:1)
  A spiny frog (Lair:1)
  A komodo dragon (Lair:1)
  A hippogriff (D:10)
  2 blink frogs (Lair:1)
  2 wyverns
  A spriggan (D:7)
  4 yaks (D:10)
  2 basilisks
  3 porcupines
  A water moccasin (D:7)
  3 ice beasts
  A phantom (D:10)
  An ogre (D:5)
  2 orc warriors
  3 sky beasts
  4 crocodiles
  5 bullfrogs
  A gnoll sergeant (D:9)
  A water moccasin skeleton (D:9)
  5 scorpions
  15 killer bees
  5 howler monkeys
  3 crimson imps
  2 bullfrog zombies
  A jelly (D:5)
  2 centaur zombies (Ossuary)
  2 hounds
  A bullfrog skeleton (D:7)
  2 human zombies (Ossuary)
  6 orc priests
  2 iguanas
  Jessica (D:3)
  7 worker ants
  15 orc wizards
  A killer bee zombie (D:6)
  A big kobold zombie (Ossuary)
  3 hound zombies (Ossuary)
  2 hound skeletons
  3 mummies (Ossuary)
  A howler monkey zombie (D:8)
  Robin (D:4)
  8 gnolls
  14 adders
  2 oozes
  4 adder zombies (Ossuary)
  An adder skeleton (D:9)
  3 worms
  4 leopard geckos
  48 orcs
  A ball python (D:3)
  5 bats
  7 giant cockroaches
  A gnoll zombie (Ossuary)
  21 goblins
  13 hobgoblins
  7 jackals
  5 quokkas
  5 frilled lizards
  A giant cockroach zombie (D:6)
  6 goblin zombies (Ossuary)
  2 hobgoblin zombies (Ossuary)
  2 jackal zombies (Ossuary)
  7 kobolds
  3 kobold zombies (Ossuary)
  A leopard gecko zombie (D:5)
  An orc zombie (Ossuary)
  6 quokka zombies (Ossuary)
  10 rats
  2 rat zombies (Ossuary)
  A fungus (Lair:1)
  A plant (Lair:1)
315 creatures vanquished.

Vanquished Creatures (others)
  A ghoul (D:1)
  An octopode (D:1)
  2 trolls (D:1)
  A vampire (D:1)
  2 humans (D:1)
  A naga (D:1)
  2 centaurs (D:1)
  2 mummies (D:1)
  A bush (D:10)
  3 fungi (D:10)
  10 plants
  9 tentacles (D:1)
35 creatures vanquished.

Grand Total: 350 creatures vanquished

Notes
Turn   | Place    | Note
-------+----------+-------------------------------------------
     0 | D:1      | theanonym the Mummy Fighter began the quest for the Orb.
     0 | D:1      | Reached XP level 1. HP: 18/18 MP: 1/1
     0 | D:1      | Noticed a human
     0 | D:1      | Noticed a troll
     0 | D:1      | Noticed a naga
     0 | D:1      | Noticed a human
     0 | D:1      | Noticed a kraken
     0 | D:1      | Noticed a ghoul
     0 | D:1      | Noticed a centaur
     0 | D:1      | Noticed a troll
     0 | D:1      | Noticed a vampire
     0 | D:1      | Noticed an octopode
     0 | D:1      | Noticed a centaur
     3 | D:1      | Killed a human
     6 | D:1      | Killed a human
     6 | D:1      | Killed a centaur
     6 | D:1      | Killed a vampire
     8 | D:1      | Killed a ghoul
     8 | D:1      | Killed a troll
     9 | D:1      | Killed a troll
    12 | D:1      | Killed a naga
    12 | D:1      | Killed an octopode
    13 | D:1      | Killed a centaur
    86 | D:1      | Reached XP level 2. HP: 24/24 MP: 2/2
   263 | D:1      | Reached skill level 2 in Axes
   570 | D:1      | Reached XP level 3. HP: 20/29 MP: 3/3
  1570 | D:2      | Reached XP level 4. HP: 30/35 MP: 4/4
  1754 | D:2      | Found a bloodstained altar of Trog.
  2039 | D:3      | Found a radiant altar of Vehumet.
  2250 | D:3      | Noticed Jessica
  2275 | D:3      | Killed Jessica
  2275 | D:3      | Reached skill level 3 in Armour
  2275 | D:3      | Reached skill level 3 in Shields
  2292 | D:3      | Reached skill level 3 in Axes
  2292 | D:3      | Reached XP level 5. HP: 38/42 MP: 5/5
  2409 | D:3      | Found a runed door.
  2409 | D:3      | Noticed a human
  2456 | D:3      | Found a basalt altar of Yredelemnul.
  2913 | D:4      | Noticed Robin
  3167 | D:4      | Reached skill level 4 in Fighting
  3183 | D:4      | Found a shadowy altar of Dithmenos.
  3396 | D:4      | Reached XP level 6. HP: 25/48 MP: 6/6
  3667 | D:4      | Killed Robin
  3891 | D:5      | Entered Level 5 of the Dungeon
  3957 | D:5      | Reached skill level 4 in Axes
  4037 | D:5      | Noticed an ice beast
  4047 | D:5      | Killed an ice beast
  4047 | D:5      | Reached XP level 7. HP: 55/55 MP: 7/7
  4832 | D:6      | Noticed an unseen horror
  4859 | D:6      | HP: 8/55 [unseen horror (7)]
  5150 | D:6      | Found a staircase to the Ecumenical Temple.
  5156 | Temple   | Entered the Ecumenical Temple
  5168 | Temple   | Became a worshipper of Gozag Ym Sagoz the Greedy
  5203 | D:6      | Reached skill level 4 in Armour
  5210 | D:6      | Reached skill level 5 in Fighting
  5230 | D:6      | Reached skill level 4 in Shields
  5239 | D:6      | Reached skill level 5 in Axes
  5246 | D:6      | Reached XP level 8. HP: 53/62 MP: 8/8
  5276 | D:6      | Found a sand-covered staircase.
  5285 | Ossuary  | Entered an ossuary
  6357 | D:7      | Reached skill level 6 in Axes
  6469 | D:7      | Reached skill level 6 in Fighting
  6659 | D:7      | Reached skill level 5 in Armour
  6697 | D:7      | Reached XP level 9. HP: 66/69 MP: 9/9
  6709 | D:7      | Got a faintly humming leather armour
  6866 | D:8      | Found Otsoj's Food Shoppe.
  6914 | D:8      | Reached skill level 5 in Shields
  7208 | D:8      | Identified the +1 leather armour "Codiudob" {Dex+3} (You found it on level 7 of the Dungeon)
  7318 | D:8      | Noticed a two-headed ogre
  7318 | D:8      | Noticed Autsider's ghost (novice DECj)
  7734 | D:8      | Found a deep blue altar of Sif Muna.
  7904 | D:8      | Reached skill level 7 in Axes
  8778 | D:9      | Reached skill level 7 in Fighting
  8927 | D:9      | Found a blossoming altar of Fedhas.
  8992 | D:9      | Noticed a two-headed ogre
  9002 | D:9      | Killed a two-headed ogre
  9002 | D:9      | Reached skill level 8 in Axes
  9002 | D:9      | Reached skill level 6 in Armour
  9002 | D:9      | Reached skill level 6 in Shields
  9002 | D:9      | Reached XP level 10. HP: 21/79 MP: 10/10
  9303 | D:9      | Found a staircase to the Orcish Mines.
  9439 | D:10     | Entered Level 10 of the Dungeon
  9513 | Orc:1    | Entered Level 1 of the Orcish Mines
 10390 | D:10     | Found a staircase to the Lair.
 10423 | D:10     | Reached skill level 8 in Fighting
 10545 | D:10     | Noticed a two-headed ogre
 10740 | D:10     | Reached skill level 9 in Axes
 10942 | Lair:1   | Entered Level 1 of the Lair of Beasts
 11049 | D:8      | HP: 16/80 [Autsider's ghost/lance of force (22)]
 11066 | D:8      | HP: 16/80 [Autsider's ghost/spray of energy (16)]
 11076 | D:8      | HP: 9/80 [Autsider's ghost/magic dart (10)]
 11077 | D:8      | HP: 4/80 [Autsider's ghost/magic dart (6)]
 11300 | D:8      | Killed a two-headed ogre
 11533 | Lair:1   | Reached XP level 11. HP: 48/86 MP: 11/11
 11913 | Lair:1   | Identified a scroll of acquirement
 11915 | Lair:1   | Got a smoking demon trident
 11916 | Lair:1   | Identified the +2 demon trident of the Unseen Realm {protect, *Rage rN+++ Dex-3 SInv} (You acquired it on level 1 of the Lair of Beasts)
 12384 | Lair:1   | HP: 13/87 [black mamba (10)]
 12390 | Lair:1   | Reached skill level 7 in Shields
 12393 | Lair:1   | Reached skill level 7 in Armour
 12517 | Lair:1   | HP: 10/87 [komodo dragon (18)]
 12519 | Lair:1   | Mangled by a komodo dragon

Vault maps used:
D:1:      nicolae_arrival_kraken_aquarium_a
D:2:      first_bread, bloody_trog
D:3:      kennysheep_the_goblin_king, vehumet_crystals, dk_yredelemnul_ordeal,
          uniq_jessica
D:4:      grunt_dithmenos_smoke_and_mirrors, uniq_robin
D:6:      cheibrodos_two_vegetables, minmay_temple_entry_enclosed_plants,
          lightli_ossuary_entry_decrepit_ruins
D:7:      minmay_misc_feat_tower, the_bakery, kennysheep_nub
D:8:      serial_shops, shop, led_sif_pool
D:9:      hiddenorc1_lemuel, kennysheep_diamond
D:10:     minmay_lair_entry_grove
Temple:   compressed_dpeg_triangle_lava_temple
Lair:2:   st_stairs_7, wad_woods_antlair
Ossuary:  minmay_ossuary_two_tombs

Skill      XL: |  1  2  3  4  5  6  7  8  9 10 11 |
---------------+----------------------------------+-----
Axes           | 2 3 4 5 6 8 9 |  9.4
Armour         | 3 4 5 6 7 |  7.0
Shields        | 3 4 6 7 |  7.0
Fighting       | 4 5 6 7 8 |  8.5

Action                   |  1- 3 |  4- 6 |  7- 9 | 10-12 || total
-------------------------+-------+-------+-------+-------++-------
Melee: War axe           |   133 |   225 |   682 |   370 ||  1410
Throw: Tomahawk          |       |     2 |     8 |    35 ||    45
Invok: Potion Petition   |       |       |     1 |     4 ||     5
Evoke: Wand              |       |       |    14 |     6 ||    20
  Use: Scroll            |     2 |     5 |    14 |     6 ||    27
 Stab: Distracted        |       |       |     5 |     1 ||     6
Armor: Scale mail        |    46 |       |       |       ||    46
       Plate armour      |    35 |   130 |   392 |     5 ||   562
       Chain mail        |       |       |       |   143 ||   143
Dodge: Dodged            |    55 |    29 |   136 |    77 ||   297
Block: Shield            |    83 |   119 |   448 |   216 ||   866

Table legend:
 A = Spawn XP
 B = Non-spawn XP
 C = Spawn XP percentage of total XP
 D = Spawn monster count
 E = Non-spawn monster count
 F = Spawn count percentage of total count
 G = Total turns spent on level
                    A         B        C        D         E        F      G
               +---------+---------+-------+---------+---------+-------+---------
         Total |       0 |   12697 |   0.0 |       0 |     313 |   0.0 | 12519
               +---------+---------+-------+---------+---------+-------+---------
           D:1 |       0 |      48 |   0.0 |       0 |      24 |   0.0 |  1301
           D:2 |       0 |      77 |   0.0 |       0 |      24 |   0.0 |   655
           D:3 |       0 |     182 |   0.0 |       0 |      31 |   0.0 |  1129
           D:4 |       0 |     245 |   0.0 |       0 |      16 |   0.0 |   806
           D:5 |       0 |     468 |   0.0 |       0 |      11 |   0.0 |  1175
           D:6 |       0 |     912 |   0.0 |       0 |      25 |   0.0 |   842
           D:7 |       0 |     689 |   0.0 |       0 |      16 |   0.0 |   700
           D:8 |       0 |    1936 |   0.0 |       0 |      26 |   0.0 |  1683
           D:9 |       0 |    2347 |   0.0 |       0 |      46 |   0.0 |  1400
          D:10 |       0 |    3222 |   0.0 |       0 |      48 |   0.0 |  1330
        Lair:1 |       0 |    2204 |   0.0 |       0 |       8 |   0.0 |  1002
       Ossuary |       0 |     367 |   0.0 |       0 |      38 |   0.0 |   414
               +---------+---------+-------+---------+---------+-------+---------
